Unix NetHack Version 5.0.0-0 post-release - last build Jul 19 2026 19:10:59 (3aa4ab31751d3886436d94b585a96704892fd477,branch:main).

Game began 2026-07-29 03:19:20, ended 2026-07-29 04:12:48.

HumaRuntu, neutral female gnomish Ranger

                        ---..-----------------------------------  ----
             -- -       |.).)..`.....[.........*..)..`.*.*.*...----..--
             -... -     |%--.....---#------------#-----------.........|
                ...--   |.#...........1.....................|.----....|
                  ...-- |.|.---------.------- ------------- |.|  |..|.--
                   -...--.|.|  (. .. .|.....|               |.|  ---|..--
               -   |......|.|  ..|.`  |..@..|               |*|     --..|
               |.- |......|.|  ....   |.o)oo|               |.|      |-.---
                ..------..|.--+...---.|)oo..| -----         |.|      |....|
                -.........|..`........--.o.--.....-- --- -- |)|      |..-.|
              ----..--....|.........{........{..............|`|      |....|--
    --        |.........-............`..ooo..`.  .-- --- -- |    -----....|.--
    .....  ----...........|...|.....----.....1-  --             --...........|
   .......................#.|..........|......|                 |..........[.|
   .......................|.|.......|..-......|                 |<..........--
   .............--..>.....|..)..|../|. |..`...|                 |).......----
   ......................%..-..---------......-------------`|   |.---..---
   .........   -...-...-..|.................................|   --- ----
    .......          ... .------------------#----------------
    -....                .                  ..
     .--
HumaRuntu the Trailblazer    St:15 Dx:11 Co:15 In:16 Wi:13 Ch:8  Neutral
Dlvl:5  $:203 HP:0(42) Pw:24(24) AC:1  Xp:6 T:3578 

Latest messages:
 You shoot 2 crossbow bolts.
 The 1st crossbow bolt hits the orc-captain!
 The 2nd crossbow bolt hits the orc-captain!
 Aibanea of Haiaulog wields a crude dagger!
 Othaulai of Haiaulog throws a knife!
 The knife hits the kobold lady.
 The Uruk-hai picks up 3 +2 crossbow bolts.
 In what direction? j
 The crossbow bolt hits it!
 Aibanea of Haiaulog picks up 2 poisoned orcish arrows.
 Othaulai of Haiaulog picks up a knife.
 The orc-captain misses!
 The orc-captain hits!
 In what direction? b
 You shoot 4 crossbow bolts.
 The 1st crossbow bolt hits the orc-captain!
 You kill the orc-captain!
 The kobold lady picks up a +2 crossbow bolt.
 Uulogthos of Haiaulog picks up 3 +2 crossbow bolts.
 In what direction? j
 You shoot 3 crossbow bolts.
 The 1st crossbow bolt hits it!
 The 2nd crossbow bolt hits it!
 You kill it!
 The 3rd crossbow bolt misses Uhaiogruk of Haiaulog.
 The kobold lady hits!
 Aibanea of Haiaulog thrusts his crude dagger.
 Aibanea of Haiaulog hits!
 Othaulai of Haiaulog wields a knife!
 In what direction? b
 You shoot 2 crossbow bolts.
 The 1st crossbow bolt hits the kobold lady!
 You kill the kobold lady!
 The hill orc picks up a +2 crossbow bolt.
 Uulogthos of Haiaulog picks up a dart.
 Aibanea of Haiaulog thrusts his crude dagger.
 Aibanea of Haiaulog misses!
 Othaulai of Haiaulog picks up 2 +2 crossbow bolts.
 In what direction? j
 You shoot 2 crossbow bolts.
 The 1st crossbow bolt hits Othaulai of Haiaulog!
 The 2nd crossbow bolt hits Othaulai of Haiaulog!
 You kill Othaulai of Haiaulog!
 Uulogthos of Haiaulog hits!
 Aibanea of Haiaulog thrusts his crude dagger.
 Aibanea of Haiaulog hits!
 You die...
 Do you want your possessions identified? [ynq] (y) y
 Do you want to see your attributes? [ynq] (y) y
 Do you want an account of creatures vanquished? [ynaq] (y) q

Inventory:
 Coins    ('$')
  $ - 203 gold pieces
 Weapons  (')')
  c - 15 +2 crossbow bolts (in quiver pouch)
  C - a corroded +0 crossbow bolt
  b - a +1 crossbow (weapon in right hand)
  a - a +1 dagger (alternate weapon; not wielded)
  M - a +0 dwarvish mattock
 Armor    ('[')
  J - an uncursed +0 helm of caution (being worn)
  A - a blessed +3 pair of iron shoes (being worn)
  e - an uncursed +2 cloak of displacement (being worn)
 Comestibles  ('%')
  x - an uncursed slime mold
  f - 5 uncursed cram rations
  I - an uncursed food ration
  r - an uncursed tin of spinach
  L - an uncursed lichen corpse
 Scrolls  ('?')
  B - 5 uncursed scrolls of blank paper
  s - a cursed scroll of charging
  y - a cursed scroll of confuse monster
  j - an uncursed scroll of destroy armor
  z - 2 uncursed scrolls of identify
  h - 2 uncursed scrolls of remove curse
 Spellbooks  ('+')
  u - an uncursed spellbook of clairvoyance
  D - an uncursed spellbook of cure sickness
  t - an uncursed spellbook of light
 Potions  ('!')
  G - a blessed potion of full healing
  v - an uncursed potion of hallucination
  m - a blessed potion of monster detection
  i - an uncursed potion of oil
 Wands    ('/')
  p - a wand of make invisible (0:6)
  N - a wand of striking (0:0)
  O - a wand of striking (0:0)
 Tools    ('(')
  K - an uncursed blindfold
  o - a blessed partly used tallow candle
 Gems/Stones  ('*')
  E - an uncursed flint stone

HumaRuntu the Ranger's attributes:

Background:
 You were a Trailblazer, a level 6 female gnomish Ranger.
 You were neutral, on a mission for Venus
 who was opposed by Mercury (lawful) and Mars (chaotic).
 You were right-handed.
 You were in the Gnomish Mines, on level 5.
 You entered the dungeon 3578 turns ago.
 It was nighttime.
 There was a full moon in effect when your adventure ended.
 You had 591 experience points, 49 more were needed to attain level 7.

Basics:
 You had 0 out of 42 hit points.
 You had all 24 energy points (spell power).
 Your armor class was 1.
 Your wallet contained 203 zorkmids.
 Autopickup was on for '$?!/="+' plus thrown.

Final Characteristics:
 Your strength was 15 (limit:18/50).
 Your dexterity was 11 (limit:18).
 Your constitution was 15 (limit:18).
 Your intelligence was 16 (limit:19).
 Your wisdom was 13 (limit:18).
 Your charisma was 8 (limit:18).

Final Status:
 You weren't hungry.
 You were unencumbered.
 You were wielding a crossbow.
 You were skilled in crossbow.

Final Attributes:
 You were piously aligned.
 You were telepathic.
 You were warned.
 You had automatic searching.
 You had infravision.
 You were displaced.
 You were warded.
 You were lucky.
 You are dead.

Miscellaneous:
 You didn't encounter any bones levels.
 Total elapsed playing time was 53 minutes and 26 seconds.

Major events:
 Turn
    1: HumaRuntu the neutral female gnomish Ranger entered the dungeon
  953: attained the rank of Lookout (level 3)
 1325: entered the Gnomish Mines
 2862: reached Mine Town
 3114: attained the rank of Trailblazer (level 6)
 3578: killed by a hill orc called Aibanea of Haiaulog

You didn't know any spells.

Skills:
 Fighting Skills
   bare handed combat [Unskilled]
   riding             [Unskilled]
 Weapon Skills
   dagger             [Basic]
   knife              [Unskilled]
   axe                [Unskilled]
   pick-axe           [Unskilled]
   short sword        [Unskilled]
   morning star       [Unskilled]
   flail              [Unskilled]
   hammer             [Unskilled]
   quarterstaff       [Unskilled]
   polearms           [Unskilled]
   spear              [Unskilled]
   trident            [Unskilled]
   bow                [Unskilled]
   sling              [Unskilled]
   crossbow           [Skilled]
   dart               [Unskilled]
   shuriken           [Unskilled]
   boomerang          [Unskilled]
   whip               [Unskilled]
 Spellcasting Skills
   healing spells     [Unskilled]
   divination spells  [Unskilled]
   escape spells      [Unskilled]

Voluntary challenges:
 Character rerolling was not enabled.
 You never genocided any monsters.
 You never polymorphed an object.
 You never changed form.
 You used no wishes.
Achievements:
 You entered a shop.
 You attained the rank of Lookout.
 You entered the Gnomish Mines.
 You entered Minetown.
 You attained the rank of Trailblazer.

 The Dungeons of Doom: levels 1 to 3
    Level 1:
    Level 2:
       A food shop.
       Stairs down to The Gnomish Mines.
    Level 3:
       A general store.
 The Gnomish Mines: levels 3 to 5
    Level 3:
    Level 4:
    Level 5: <- You were here.
       An altar, some fountains.
       Final resting place for
          you, killed by a hill orc called Aibanea of Haiaulog.


Vanquished creatures:
  5 orc-captains
 an Uruk-hai
  2 orc shamans
  a rock piercer
  a gnome leader
  a kobold mummy
  3 gray oozes
 an elf zombie
  a straw golem
  2 paper golems
  a little dog
  3 floating eyes
  5 dwarves
  a homunculus
  a kobold leader
 17 hill orcs
  4 rothes
  a centipede
  a giant bat
  a wererat
  2 iguanas
  2 acid blobs
  2 coyotes
  2 hobbits
  a large kobold
  a hobgoblin
  2 giant rats
  2 cave spiders
  a brown mold
  5 gnomes
  a gnome zombie
  2 geckos
  4 jackals
  2 foxes
  2 kobolds
  5 goblins
  6 grid bugs
  4 bats
  7 lichens
  2 kobold zombies
 11 newts
119 creatures vanquished.

No species were genocided or became extinct.

Game over:
                       ----------
                      /          \
                     /    REST    \
                    /      IN      \
                   /     PEACE      \
                  /                  \
                  |    HumaRuntu     |
                  |      203 Au      |
                  | killed by a hill |
                  |    orc called    |
                  |    Aibanea of    |
                  |     Haiaulog     |
                  |       2026       |
                 *|     *  *  *      | *
        _________)/\\_//(\/(/\)/\//\/|_)_______

Goodbye HumaRuntu the Ranger...

You died in The Gnomish Mines on dungeon level 5 with 2747 points,
and 203 pieces of gold, after 3578 moves.
You were level 6 with a maximum of 42 hit points when you died.

